 Dungeon Crawl Stone Soup version 0.31.0-11-ge490571c62 (webtiles) character file.

Game seed: 6383408809248038709

39468 dialectric the Impaler (level 13, 0/122 HPs)
             Began as a Minotaur Fighter on Feb 3, 2024.
             Was a Follower of Lugonu.
             Killed from afar by a white imp (1 damage)
             ... with a puff of frost
             ... in a Gauntlet on Feb 4, 2024.
             The game lasted 00:23:46 (13856 turns).

dialectric the Impaler (Minotaur Fighter)          Turns: 13856, Time: 00:23:47

Health: 0/122      AC: 21    Str: 23    XL:     13   Next: 69%
Magic:  11/12      EV: 19    Int: 11    God:    Lugonu [*.....]
Gold:   801        SH:  0    Dex: 19    Spells: 9/12 levels left

rFire   + + .        p - +11 battleaxe of Foul Odours {heavy, rF++ Will- Int+3 Stlth+}
rCold   . . .        (shield currently unavailable)
rNeg    . . .        U - +2 scale mail of Miom Lua {rCorr Dex+5 Slay+2 SInv}
rPois   .            (helmet unavailable)
rElec   .            l - +2 cloak
rCorr   +            C - +2 pair of gloves
SInv    +            o - +1 pair of boots
Will    .....        u - amulet of the acrobat
Stlth   +            f - ring of flight
HPRegen 0.00/turn    q - +5 ring of evasion
MPRegen 0.13/turn

%: no teleportation, acrobat
@: sick, flying
A: horns 3, retaliatory headbutt, agile 1, clever 1, mutation resistance 1
a: Renounce Religion, Depart the Abyss


You were in a Gauntlet.
You worshipped Lugonu.
Lugonu was aware of your devotion.
You visited 4 branches of the dungeon, and saw 19 of its levels.
You visited the Abyss 1 time.
You also visited: Gauntlet.

You collected 1077 gold pieces.
You spent 276 gold pieces at shops.

Inventory:

Hand Weapons
 a - a +1 trident
 p - the +11 battleaxe of Foul Odours (weapon) {heavy, rF++ Will- Int+3 Stlth+}
   (You bought it in a shop on level 11 of the Dungeon)

   Int+3:     It affects your intelligence (+3).
   rF++:      It greatly protects you from fire.
   Will-:     It decreases your willpower.
   Stlth+:    It makes you more stealthy.
 D - a +0 morningstar
Missiles
 j - 42 poisoned darts (quivered)
 R - a throwing net
 T - 3 datura-tipped darts
 X - 6 curare-tipped darts
Armour
 c - a +0 buckler
 l - a +2 cloak (worn)
 o - a +1 pair of boots (worn)
 C - a +2 pair of gloves (worn)
 G - a scarf of repulsion
 Q - a +1 chain mail of fire resistance
 U - the +2 scale mail of Miom Lua (worn) {rCorr Dex+5 Slay+2 SInv}
   (You found it on level 2 of the Lair of Beasts)

   Dex+5:     It affects your dexterity (+5).
   Slay+2:    It affects your accuracy & damage with ranged weapons and melee
   (+2).
   SInv:      It lets you see invisible.
   rCorr:     It protects you from acid and corrosion.
Jewellery
 f - a ring of flight (left hand)
 q - a +5 ring of evasion (right hand)
 u - an amulet of the acrobat (around neck)
 v - a ring of protection from cold
 w - a ring of wizardry
 y - an amulet of regeneration
 A - a ring of fire
 H - a +6 ring of intelligence
 O - a ring of willpower
 S - a ring of protection from fire
Wands
 r - a wand of flame (29)
 x - a wand of roots (7)
 M - a wand of digging (6)
 N - a wand of charming (6)
Scrolls
 b - 2 scrolls of enchant weapon
 e - 3 scrolls of blinking
 g - 2 scrolls of immolation
 h - a scroll of fear
 n - a scroll of teleportation
 s - 2 scrolls of silence
 E - a scroll of poison
 F - a scroll of amnesia
 P - a scroll of fog
 Z - a scroll of noise
Potions
 d - 2 potions of attraction
 k - a potion of might
 m - a potion of cancellation
 t - a potion of invisibility
 z - 3 potions of resistance
 B - a potion of haste {unknown}
 I - a potion of mutation
 J - 2 potions of curing
 L - a potion of magic
 Y - a potion of ambrosia {unknown}


   Skills:
 + Level 13.3 Fighting
 + Level 12.8(15.7) Axes
 - Level 15.0(16.9) Polearms
 - Level 0.3 Throwing
 + Level 14.5 Armour
 + Level 5.8 Dodging
 - Level 0.2 Stealth
 + Level 5.8 Shields
 + Level 2.2 Evocations


You had 9 spell levels left.
You knew the following spells:

 Your Spells              Type           Power      Damage    Failure   Level
a - Passwall              Erth           0%         N/A       90%         3

Your spell library contained the following spells:

 Spells                   Type           Power      Damage    Failure   Level
 Apportation              Tloc           0%         N/A       56%         1
 Foxfire                  Conj/Fire      0%         2x1d4     56%         1
 Freeze                   Ice            0%         1d3       56%         1
 Necrotise                Necr           0%         1d4       56%         1
 Sandblast                Erth           0%         2d4       56%         1
 Sting                    Conj/Alch      0%         1d3       56%         1
 Summon Small Mammal      Summ           0%         N/A       56%         1
 Call Imp                 Summ           0%         N/A       71%         2
 Ensorcelled Hibernation  Hex/Ice        0%         N/A       71%         2
 Jinxbite                 Hex            0%         N/A       71%         2
 Sublimation of Blood     Necr           0%         N/A       71%         2
 Frozen Ramparts          Ice            0%         1d1       90%         3
 Fugue of the Fallen      Necr           0%         N/A       90%         3
 Hailstorm                Conj/Ice       0%         3d5       90%         3
 Sigil of Binding         Hex            0%         N/A       90%         3
 Stone Arrow              Conj/Erth      0%         3d7       90%         3
 Anguish                  Hex/Necr       0%         N/A       100%        4
 Brom's Barrelling Bould  Conj/Erth      0%         2d3       100%        4
 Cause Fear               Hex            0%         N/A       100%        4
 Plasma Beam              Fire/Air       0%         2x1d10    100%        6
 Starburst                Conj/Fire      0%         6d3       100%        6
 Summon Hydra             Summ           0%         N/A       100%        7


Dungeon Overview and Level Annotations

Branches:
Dungeon (11/15)            Temple (1/1) D:6            Lair (5/5) D:10
 Shoals (0/4) Lair:3       Spider (0/4) Lair:3        Slime (0/5) Lair:4
    Orc (2/2) D:10            Elf (0/3) Orc:2       Gauntlet (1/1)

Altars:
Ashenzari
Cheibriados
Dithmenos
Elyvilon
Fedhas
Gozag
Hepliaklqana
Kikubaaqudgha
Makhleb
Nemelex Xobeh
Okawaru
Qazlal
Ru
Sif Muna
Trog
Uskayaw
Vehumet
Wu Jian
Xom
Yredelemnul
Zin
The Shining One
Jiyva

Shops:
D:11 =(*

Annotations:
D:7 1 runed translucent door, Greth's ghost, amateur DsNe
Lair:1 1 runed translucent door, Pooter's ghost, journeyman MiBe Gauntlet 4 transporters


Innate Abilities, Weirdness & Mutations

You have a pair of large horns on your head.
You reflexively headbutt those who attack you in melee.
You are agile. (Dex +4, Str/Int -1)
Your mind is acute. (Int +4, Str/Dex -1)
You are somewhat resistant to further mutation.


Message History

You chop the arcanist into pieces!!!
You kill the arcanist!
Lugonu accepts your kill.
The occultist gestures at you while chanting.
You barely resist.
Unknown command.
Unknown command.
Unknown command.
You cut the white imp into ribbons!!!
You kill the white imp!
Lugonu accepts your kill. The occultist casts a spell at you.
The fireball explodes!
The fireball engulfs you! You resist.
* * * LOW HITPOINT WARNING * * *
The shadow imp completely misses you. You furiously retaliate!
You headbutt the shadow imp!
You kill the shadow imp!
Lugonu accepts your kill.
The white imp grins evilly.
Things that are here:
a +0 dagger; a +0 robe Unknown command.
You barely miss the occultist. You headbutt the occultist!
The occultist is moderately wounded.
You barely miss the white imp.
The white imp hits you but does no damage.
The occultist hits you with a +0 dagger!
* * * LOW HITPOINT WARNING * * *
The white imp barely misses you. You furiously retaliate!
You headbutt the white imp!!
You kill the white imp!
Lugonu accepts your kill. The occultist casts a spell at you.
You resist the pull of the Abyss.
You slice the occultist like a ripe choko!!!
You kill the occultist!
Lugonu accepts your kill. The white imp gestures at you.
The puff of frost hits you.
You die...

∩........≈8≈......
...©......§§§....... ..
#########...##########
..#.#...#...#.####.#.
.#...#..#...#.#.##..
##††.##.#...##.#.#.##
..#.#..##.###..#.#5# #
...©....#.#©###.#)# ©#©
..#^#..##.#.##.#@©###?#.
#######.#.#.#.##.##..#
.#..^#..#.#.#.#..#..#.#.#
...©....#.#.####.##### .#
###########.###########
..#©........#≈§§≈8§§§≈#.
..#########.###########.#
..........#.#..wD.....#.#
..........#.#..##.##..#


You could see an eight-headed hydra, a torpor snail and a white imp.

Vanquished Creatures
  Harold (D:9)
  A hydra (Lair:2)
  An ogre mage (Orc:1)
  A catoblepas (Lair:1)
  A boulder beetle (D:10)
  11 death yaks
  An occultist (Gauntlet)
  A spatial maelstrom (Abyss:2)
  2 skysharks (Lair:2)
  An arcanist (Gauntlet)
  A lindwurm (Lair:4)
  2 cyclopes
  A merfolk siren (Lair:3)
  A manticore (D:11)
  4 elephants (Lair:4)
  A moth of wrath (Gauntlet)
  4 black mambas
  A torpor snail (Lair:3)
  9 cane toads
  An unseen horror (D:10)
  2 rime drakes
  Maggie (D:8)
  A kobold demonologist (D:10)
  6 komodo dragons
  3 polar bears
  Psyche (D:8)
  2 trolls
  A merfolk (Lair:3)
  2 hornets
  11 blink frogs
  Prince Ribbit (D:8)
  9 dream sheep
  7 yaks
  4 wyverns
  3 wraiths
  Grum (D:8)
  A steam dragon (D:9)
  2 basilisks
  A neqoxec (Abyss:2)
  7 vampire mosquitoes
  A spatial vortex (Abyss:2)
  An acid dragon (D:8)
  15 water moccasins
  2 black bears
  A sky beast (D:6)
  7 orc warriors
  An ice beast (D:8)
  A laughing skull (Abyss:2)
  6 ogres
  17 wolves
  A phantom (D:4)
  5 kobold brigands
  12 bullfrogs
  A scorpion (D:5)
  5 wights (D:7)
  6 killer bees (D:8)
  An electric eel (Lair:3)
  4 howler monkeys
  6 hounds
  8 jellies
  A gnoll bouda (D:7)
  4 orc priests
  7 hell rats (Lair:3)
  12 orc wizards
  4 iguanas
  Natasha (thrice) (D:3)
  7 gnolls
  6 adders
  2 shadow imps
  4 white imps
  2 ufetubi (D:6)
  A dart slug (D:5)
  2 ribbon worms (D:3)
  53 orcs
  4 ball pythons
  6 bats
  7 endoplasms
  4 giant cockroaches
  8 hobgoblins
  2 jackals (D:4)
  A quokka (D:3)
  3 frilled lizards
  5 goblins
  34 kobolds
  2 rats
397 creatures vanquished.

Vanquished Creatures (collateral kills)
  2 orc warriors (Orc:1)
  An ogre (Orc:1)
  2 orc wizards (Orc:1)
  3 orcs
8 creatures vanquished.

Vanquished Creatures (others)
  2 starspawn tentacles (Abyss:2)
2 creatures vanquished.

Grand Total: 407 creatures vanquished

Notes
Turn   | Place    | Note
-------+----------+-------------------------------------------
     0 | D:1      | dialectric the Minotaur Fighter began the quest for the
                  | Orb.
     0 | D:1      | Reached XP level 1. HP: 19/19 MP: 0/0
   747 | D:1      | Reached XP level 2. HP: 27/27 MP: 1/1
  1207 | D:2      | Reached XP level 3. HP: 33/33 MP: 2/2
  1293 | D:3      | Reached skill level 3 in Polearms
  1455 | D:3      | Noticed Natasha
  1461 | D:3      | Killed Natasha
  1462 | D:3      | Reached skill level 1 in Dodging
  1462 | D:3      | Reached XP level 4. HP: 40/40 MP: 3/3
  1677 | D:3      | Reached skill level 4 in Polearms
  1699 | D:3      | Found a faded altar of an unknown god.
  1708 | D:3      | Noticed Natasha
  1719 | D:3      | Reached XP level 5. HP: 34/47 MP: 4/4
  1723 | D:3      | Killed Natasha
  1949 | D:3      | Noticed Natasha
  1957 | D:3      | Killed Natasha
  1958 | D:3      | Reached skill level 5 in Armour
  2254 | D:4      | Noticed a phantom
  2266 | D:4      | Killed a phantom
  2267 | D:4      | Reached skill level 5 in Polearms
  2267 | D:4      | Reached XP level 6. HP: 50/53 MP: 5/5
  2672 | D:4      | Learned a level 3 spell: Passwall
  2690 | D:5      | Entered Level 5 of the Dungeon
  2731 | D:5      | Noticed a water moccasin
  2740 | D:5      | Killed a water moccasin
  2741 | D:5      | Reached skill level 5 in Fighting
  2745 | D:5      | Reached XP level 7. HP: 50/61 MP: 6/6
  2753 | D:5      | Reached skill level 6 in Polearms
  3174 | D:5      | Got the Grimoire of Malediction
  3200 | D:5      | Found a burning altar of Makhleb.
  3286 | D:6      | Found a staircase to the Ecumenical Temple.
  3448 | Temple   | Entered the Ecumenical Temple
  3459 | Temple   | Became a worshipper of Qazlal Stormbringer
  3478 | D:6      | Found a glowing golden altar of the Shining One.
  3491 | D:6      | Reached skill level 7 in Polearms
  3491 | D:6      | Reached XP level 8. HP: 71/71 MP: 7/7
  3567 | D:6      | Found a hide-covered altar of Uskayaw.
  4483 | D:7      | Reached skill level 8 in Polearms
  4589 | D:7      | Found a runed translucent door.
  4636 | D:7      | Noticed Greth's ghost (amateur DsNe)
  4687 | D:7      | Reached * piety under Qazlal
  5034 | D:7      | Found a basalt altar of Yredelemnul.
  5034 | D:7      | Found an ornate altar of the Wu Jian Council.
  5035 | D:7      | Found a glowing silver altar of Zin.
  5046 | D:7      | Found an opulent altar of Gozag.
  5210 | D:7      | Reached XP level 9. HP: 75/81 MP: 8/8
  5480 | D:8      | Paralysed by a hornet for 1 turns
  5484 | D:8      | Reached skill level 9 in Polearms
  5486 | D:8      | Noticed Prince Ribbit
  5817 | D:8      | Killed Prince Ribbit
  5846 | D:8      | Noticed Maggie
  5854 | D:8      | Killed Maggie
  5866 | D:8      | Reached skill level 10 in Polearms
  6016 | D:8      | Noticed Grum
  6030 | D:8      | Killed Grum
  6134 | D:8      | Reached ** piety under Qazlal
  6135 | D:8      | Reached skill level 10 in Fighting
  6190 | D:8      | Noticed Psyche
  6196 | D:8      | Killed Psyche
  6197 | D:8      | Reached XP level 10. HP: 85/93 MP: 9/9
  6642 | D:9      | Reached skill level 11 in Polearms
  6713 | D:9      | Found a sparkling altar of Nemelex Xobeh.
  6792 | D:9      | Noticed Harold
  6807 | D:9      | Killed Harold
  7090 | D:10     | Entered Level 10 of the Dungeon
  7090 | D:10     | Found a staircase to the Lair.
  7146 | D:10     | Found a staircase to the Orcish Mines.
  7434 | D:10     | Reached skill level 12 in Polearms
  7746 | D:11     | Noticed a boulder beetle
  8002 | Lair:1   | Entered Level 1 of the Lair of Beasts
  8010 | Lair:1   | Noticed a catoblepas
  8028 | Lair:1   | Killed a catoblepas
  8325 | Lair:1   | Reached skill level 10 in Armour
  8578 | Lair:1   | Found a runed translucent door.
  8580 | Lair:1   | Identified the +7 spear "Etaofim" {spect, ^Drain Str+2
                  | Int+3}
  8581 | Lair:1   | Noticed Pooter's ghost (journeyman MiBe)
  8581 | Lair:1   | Noticed a spriggan rider
  8616 | Lair:1   | Reached XP level 11. HP: 104/104 MP: 10/10
  8662 | Lair:1   | Reached *** piety under Qazlal
  9152 | Lair:2   | Noticed a seven-headed hydra
  9181 | Lair:2   | Noticed a skyshark
  9198 | Lair:2   | Killed a skyshark
  9199 | Lair:2   | Reached skill level 13 in Polearms
  9264 | Lair:2   | Identified the +2 scale mail of Miom Lua {rCorr Dex+5
                  | Slay+2 SInv}
  9498 | Lair:2   | Killed a seven-headed hydra
  9858 | Lair:2   | Noticed a death yak
  9858 | Lair:2   | Noticed a death yak
  9859 | Lair:2   | Noticed a death yak
  9859 | Lair:2   | Noticed a death yak
  9859 | Lair:2   | Noticed a death yak
  9860 | Lair:2   | Noticed a death yak
  9962 | Orc:1    | Entered Level 1 of the Orcish Mines
 10010 | Orc:1    | Reached skill level 14 in Polearms
 10233 | Orc:2    | Entered Level 2 of the Orcish Mines
 10242 | Orc:2    | Found a staircase to the Elven Halls.
 10264 | Orc:2    | Noticed an orc sorcerer
 10511 | Orc:2    | Noticed an ogre mage
 10511 | Orc:2    | Paralysed by an ogre mage for 3 turns
 10568 | Orc:1    | Killed an ogre mage
 10602 | D:11     | Found Imeteanu's Antique Weapon Boutique.
 10611 | D:10     | Noticed a sun demon
 10613 | D:10     | Noticed a soul eater
 10648 | D:10     | Reached skill level 1 in Evocations
 10660 | D:11     | Reached **** piety under Qazlal
 10680 | D:10     | Killed a boulder beetle
 10819 | D:10     | Reached skill level 15 in Polearms
 10859 | D:11     | Bought a twisted battleaxe for 276 gold pieces
 10859 | D:11     | Identified the +11 battleaxe of Foul Odours {heavy, rF++
                  | Will- Int+3 Stlth+} (You bought it in a shop on level 11 of
                  | the Dungeon)
 10871 | D:11     | Found Noenul's Jewellery Shoppe.
 10912 | D:11     | Found Abam's Assorted Antiques.
 10935 | D:11     | Reached XP level 12. HP: 62/112 MP: 11/11
 10940 | D:11     | Reached skill level 1 in Axes
 11452 | Lair:2   | Killed a death yak
 11456 | Lair:2   | Killed a death yak
 11717 | Lair:2   | Killed a death yak
 11727 | Lair:2   | Killed a death yak
 11732 | Lair:2   | Killed a death yak
 11732 | Lair:2   | Killed a death yak
 11733 | Lair:2   | Reached skill level 5 in Axes
 12084 | Lair:3   | Found a hole to the Spider Nest.
 12087 | Lair:3   | Noticed a death yak
 12087 | Lair:3   | Noticed a death yak
 12088 | Lair:3   | Noticed a death yak
 12089 | Lair:3   | Noticed a death yak
 12089 | Lair:3   | Noticed a death yak
 12097 | Lair:3   | Killed a death yak
 12097 | Lair:3   | Killed a death yak
 12098 | Lair:3   | Killed a death yak
 12099 | Lair:3   | Killed a death yak
 12102 | Lair:3   | Killed a death yak
 12495 | Lair:3   | Gained mutation: Your mind is acute. (Int +4, Str/Dex -1)
                  | [potion of mutation]
 12495 | Lair:3   | Gained mutation: You are agile. (Dex +4, Str/Int -1)
                  | [potion of mutation]
 12495 | Lair:3   | Gained mutation: You are somewhat resistant to further
                  | mutation. [potion of mutation]
 12495 | Lair:3   | Gained mutation: You have a pair of large horns on your
                  | head. [potion of mutation]
 12587 | Lair:3   | Found a staircase to the Shoals.
 13001 | Lair:4   | Reached XP level 13. HP: 119/119 MP: 12/12
 13033 | Lair:4   | Reached skill level 10 in Axes
 13034 | Lair:4   | Reached ***** piety under Qazlal
 13035 | Lair:4   | Reached skill level 5 in Dodging
 13046 | Lair:4   | Found a staircase to the Slime Pits.
 13047 | Lair:4   | Found a viscous altar of Jiyva.
 13104 | Lair:4   | Reached skill level 5 in Shields
 13110 | Lair:4   | You are sucked into a shaft and drop 1 floor!
 13110 | Lair:5   | Entered Level 5 of the Lair of Beasts
 13232 | Lair:5   | Found a glowing golden altar of the Shining One.
 13369 | Lair:5   | Identified the +3 leather armour of Spring {rF- rC+ Dex+5}
 13515 | Lair:5   | Found a gate leading to a gauntlet.
 13524 | Gauntlet | Entered a Gauntlet
 13524 | Gauntlet | Found a transporter.
 13524 | Gauntlet | Found a transporter.
 13623 | Gauntlet | Found a transporter.
 13623 | Gauntlet | Found a transporter.
 13628 | Gauntlet | Found a transporter.
 13653 | Gauntlet | Found a transporter.
 13668 | Gauntlet | Found a transporter.
 13669 | Abyss:2  | Found a corrupted altar of Lugonu.
 13669 | Abyss:2  | Cast into level 2 of the Abyss (an occultist)
 13719 | Abyss:2  | Noticed a hellephant
 13732 | Abyss:2  | Noticed a purple very ugly thing
 13763 | Abyss:2  | Noticed a tentacled starspawn
 13778 | Abyss:2  | Found a transporter.
 13780 | Abyss:2  | Found a corrupted altar of Lugonu.
 13780 | Abyss:2  | Noticed a tentacled starspawn
 13780 | Abyss:2  | Found the amulet of the Air {Inacc Air Fly rElec RMsl}
 13782 | Abyss:2  | Noticed a tentacled starspawn
 13784 | Abyss:2  | Found a transporter.
 13842 | Abyss:3  | Found a corrupted altar of Lugonu.
 13849 | Abyss:3  | Fell from the grace of Qazlal
 13849 | Abyss:3  | Became a worshipper of Lugonu the Unformed
 13849 | Abyss:3  | Reached * piety under Lugonu
 13849 | Abyss:3  | Reached ** piety under Lugonu
 13850 | Gauntlet | Escaped the Abyss
 13855 | Gauntlet | HP: 1/122 [occultist/+0 dagger (7)]
 13856 | Gauntlet | Killed from afar by a white imp

Illustrated notes

Levels and vault maps discovered:
D:1:      nicolae_arrival_somewhat_less_tricky_arrival, layout_loops_ring,
          serial_bayou_lake_a
D:2:      layout_rooms, amcnicky_mini_corridor_feature
D:3:      minmay_angry_zag, layout_basic,
          chequers_ecumenical_altar_simple_redux, kennysheep_generic_room_9,
          uniq_natasha
D:4:      layout_basic
D:5:      layout_rooms, mainiacjoe_overflow_surrounded_room, serial_park_tiny_2
D:6:      minmay_evil_eye, layout_cave_pods, nicolae_uskayaw_dance_hall,
          mainiacjoe_overflow_cross_hatched,
          minmay_temple_entry_statues_fountains, hangedman_decor_points
D:7:      layout_cave_pods, nicolae_overflow_quartered_altars,
          hellmonk_ghost_happy_afterlife
D:8:      layout_loops_cross, uniq_grum, uniq_maggie, uniq_prince_ribbit1,
          uniq_psyche
D:9:      layout_cave_pools, kennysheep_little_box, minmay_misc_feat_hallway,
          uniq_harold
D:10:     layout_roguey, lair_entry_dummy, david_orc_3, minmay_starry_boxes
D:11:     layout_gridville, serial_shops, nicolae_shop_advertising_works
          [nicolae_subvault_shop_adworks], nicolae_shop_overgrown_old_shop,
          nicolae_lakefront_shop
Temple:   nicolae_temple_great_sept
Lair:1:   layout_regular_city, ebering_ghost_funeral_grove
Lair:2:   layout_chaotic_city
Lair:3:   layout_small_grid, elwin_shoals_entry_rooms, dummy_spider_entry,
          chequers_serial_rivers_marsh, chequers_serial_rivers_micro_a,
          grunt_megastairs_4
Lair:4:   layout_big_grid, nicolae_slime_entry_slimehenge, wad_woods_road_02,
          gammafunk_lair_bear_cave
Lair:5:   due_jungle_book, layout_cave_pods, gauntlet_entry_generic,
          basic_altar, nicolae_lair_grove_arrangements, grunt_megastairs_2
Orc:1:    layout_caves, serial_shops, nicolae_shop_waterfront, uniq_snorg
Orc:2:    st_orc_open, layout_caves
Gauntlet: gammafunk_gauntlet_branching [gammafunk_gauntlet_arena_chambers,
          gammafunk_gauntlet_arena_spirals,
          gammafunk_gauntlet_arena_split_diamond,
          gammafunk_gauntlet_arena_mazey,
          minmay_gauntlet_arena_make_your_own_arena,
          nicolae_gauntlet_arena_blocks, gammafunk_gauntlet_arena_crates,
          gammafunk_gauntlet_arena_arrow_garden, gauntlet_exit_green]

Skill      XL: |  1  2  3  4  5  6  7  8  9 10 11 12 13 |
---------------+----------------------------------------+-----
Armour         | 4 5 6 7 9 10 13 14 | 14.5
Shields        | 4 5 |  5.8
Fighting       | 4 5 6 8 10 11 12 13 | 13.3
Polearms       | 3 4 5 7 8 10 12 15 | 15.0
Dodging        | 1 2 3 4 5 |  5.8
Evocations     | 1 2 |  2.2
Axes           | 9 12 | 12.8
Throwing       | |  0.3
Stealth        | |  0.2

Action                     |  1- 3 |  4- 6 |  7- 9 | 10-12 | 13-15 || total
---------------------------+-------+-------+-------+-------+-------++-------
  Melee: Trident           |    99 |   123 |   378 |   391 |       ||   991
         Headbutt          |     5 |    12 |    48 |    95 |    10 ||   170
         Punch             |     1 |       |     5 |     2 |       ||     8
         Battleaxe         |       |       |       |    81 |    71 ||   152
         Unarmed           |       |       |       |       |     9 ||     9
  Throw: Dart              |       |       |     5 |     3 |       ||     8
 Invoke: Depart the Abyss  |       |       |       |       |     1 ||     1
  Evoke: Wand              |       |       |     1 |     6 |       ||     7
    Use: Potion            |     1 |       |       |     4 |     5 ||    10
         Scroll            |       |     2 |     2 |    15 |     3 ||    22
 Armour: Scale mail        |    85 |    71 |   173 |   144 |    58 ||   531
         Chain mail        |       |       |       |   110 |       ||   110
         Skin              |       |       |       |       |     6 ||     6
  Dodge: Dodged            |    35 |    66 |   293 |   359 |   157 ||   910
         Repelled          |       |       |       |       |     3 ||     3
  Block: Other             |       |       |     8 |    67 |    44 ||   119
